 Dungeon Crawl Stone Soup version 0.14.2 (webtiles) character file.

4863 KristoblXynda the Conjurer (level 10, -6/87 HPs)
             Began as a Troll Wizard on May 10, 2018.
             Was an Initiate of Ashenzari.
             Killed from afar by a gargoyle (31 damage)
             ... with a stone arrow
             ... on Level 9 of the Dungeon.
             The game lasted 00:22:00 (6725 turns).

KristoblXynda the Conjurer (Troll Wizard)           Turns: 6725, Time: 00:22:00

HP  -6/87        AC  6     Str 17      XL: 10   Next: 11%
MP  10/10        EV 15     Int 17      God: Ashenzari [......]
Gold 554         SH  0     Dex 13      Spells:  3 memorised,  6 levels left

rFire  + + .     SeeInvis .     E - +8,+11 dagger "Pnatysoa" {stab, +Fly rF++}
rCold  . . .     Clarity  .     a - +0 robe
rNeg   . . .     Conserve .     (shield restricted)
rPois  .         rCorr    +     b - +1 hat (curse)
rElec  .         rRot     .     (no cloak)
SustAb . .       Spirit   .     (gloves unavailable)
rMut   .         Warding  .     (boots unavailable)
Gourm  +         Stasis   .     u - amulet of resist corrosion {unknown}
MR     .....                    (no ring)
                                A - ring of sustenance

@: agile, not resistant to hostile enchantments, stealthy
A: unfitting armour, claws 3, fast metabolism 3, gourmand, regeneration 2,
saprovore 2, shaggy fur 1, tough skin 2
a: Renounce Religion, Evoke Flight


You were on level 9 of the Dungeon.
You worshipped Ashenzari.
Ashenzari was noncommittal.
You were completely stuffed.

You visited 2 branches of the dungeon, and saw 10 of its levels.

You collected 554 gold pieces.

Inventory:

Hand weapons
 E - the +8,+11 dagger "Pnatysoa" (weapon) {stab, +Fly rF++}
   (You found it on level 4 of the Dungeon)

   It inflicts extra damage upon your enemies.
   It greatly protects you from fire.
   It lets you fly.
Armour
 a - a +0 robe (worn)
 b - a cursed +1 hat (worn)
Magical devices
 I - a wand of fire (4)
Comestibles
 d - 5 meat rations
 f - 9 bread rations
 k - 10 cheeses
 m - a rotting chunk of wyvern flesh
 o - 3 apples
 q - 3 chokos
 s - 2 chunks of hobgoblin flesh
 w - 3 beef jerkies
 M - a pear
Scrolls
 j - 8 scrolls of teleportation
 l - 2 scrolls of curse weapon
 v - a scroll of enchant weapon I {unknown}
 z - 2 scrolls of enchant armour
 B - 6 scrolls of curse armour
 D - 2 scrolls of amnesia
 L - 9 scrolls of curse jewellery
Jewellery
 u - an amulet of resist corrosion (around neck) {unknown}
 A - a ring of sustenance (left claw)
Potions
 e - 2 potions of haste
 g - 2 potions of berserk rage {unknown}
 h - 2 potions of agility
 n - a potion of curing
 p - a potion of brilliance
 r - a potion of might {unknown}
 t - 3 potions of restore abilities {unknown}
 x - a potion of degeneration {unknown}
 G - a potion of invisibility {unknown}
Books
 c - a book of Minor Magic

   Spells                             Type                      Level
   *Magic Dart                        Conjuration                  1
   Blink                              Translocation                2
   Call Imp                           Summoning                    2
   Repel Missiles                     Charms/Air                   2
   Slow                               Hexes                        2
   *Conjure Flame                     Conjuration/Fire             3
   *Mephitic Cloud                    Conjuration/Poison/Air       3
Magical staves
 C - an uncursed staff of conjuration
 J - an uncursed staff of wizardry


   Skills:
 + Level 1.9 Fighting
 - Level 5.0 Short Blades
 - Level 1.5 Dodging
 - Level 1.1 Stealth
 - Level 5.6 Unarmed Combat
 + Level 2.2 Spellcasting
 * Level 9.0 Conjurations
   Level 0.6 Summonings
   Level 0.6 Translocations


You had 6 spell levels left.
You knew the following spells:

 Your Spells              Type           Power        Failure   Level  Hunger
a - Magic Dart            Conj           ####         1%          1    #......
b - Mephitic Cloud        Conj/Pois/Air  ##......     17%         3    ####...
c - Conjure Flame         Conj/Fire      ###.....     10%         3    ####...


Dungeon Overview and Level Annotations

Branches:
Dungeon (9/15)             Temple (1/1) D:7
    Orc: D:9-12        Lair: D:8-11

Altars:
Ashenzari
Cheibriados
Dithmenos
Elyvilon
Fedhas
Kikubaaqudgha
Makhleb
Nemelex Xobeh
Okawaru
Sif Muna
Trog
Vehumet
Yredelemnul
Zin
The Shining One


Innate Abilities, Weirdness & Mutations

You are too large for most types of armour.
You have claws for hands.
Your metabolism is lightning-fast.
You like to eat raw meat.
You heal very quickly.
You can eat rotten meat.
You are covered in fur (AC +1).
You have very tough skin (AC +2).


Message History

You feel better. The gargoyle barely misses you.
Drink which item? (? for menu, Esc to quit)
You feel better.
Drink which item? (? for menu, Esc to quit)
You feel better. The gargoyle barely misses you.
Unknown command.
You puncture the gargoyle!
The gargoyle is severely damaged.
The gargoyle hits you with a flail!
* * * LOW HITPOINT WARNING * * *
You hit the gargoyle but do no damage.
The gargoyle is severely damaged.
The gargoyle barely misses you.
You hit the gargoyle.
The gargoyle is severely damaged.
You completely miss the gargoyle.
The gargoyle is severely damaged.
The gargoyle hurls a stone arrow at you.
The stone arrow hits you!
You die...

###### #......
###+###### #.......
#........###>.......
#........'.#........
#...)....#.#........
#........#@#.........
#........#9'.........
#........###.........
#........# #........
###'###### ######+##
####.# # #....# ###
#.####
..####.##########


You could see a gargoyle.

Vanquished Creatures
  Pikel (D:7)
  A gargoyle (D:9)
  The ghost of crawlian the Firebug, an experienced DEFE (D:6)
  A hill giant zombie (D:8)
  A yak (D:7)
  A wyvern (D:8)
  A sky beast (D:7)
  A human (D:7)
  2 hungry ghosts (D:7)
  An orc warrior (D:6)
  3 ice beasts
  A giant goldfish (D:7)
  3 ogres
  A black bear (D:7)
  A slave (D:7)
  2 centaurs
  4 giant frogs
  A big kobold (D:9)
  A water moccasin zombie (D:6)
  A giant goldfish zombie (D:6)
  A scorpion (D:9)
  3 killer bees (D:8)
  A goliath beetle (D:8)
  A crimson imp (D:7)
  A big fish (D:7)
  A centaur zombie (D:7)
  2 hounds
  2 jellies
  3 giant frog skeletons
  2 iguanas
  An orc priest (D:5)
  5 worker ants
  An orc wizard (D:5)
  A big kobold zombie (D:6)
  Ijyb (D:5)
  A crocodile skeleton (D:6)
  3 sheep (D:7)
  A hound zombie (D:7)
  Terence (D:2)
  A mummy (D:9)
  8 adders
  A shadow imp (D:6)
  An inept feature mimic (D:8)
  3 giant mites
  3 worms
  An adder zombie (D:7)
  An adder skeleton (D:6)
  2 giant eyeballs (D:4)
  2 giant geckos
  An ooze (D:1)
  4 orcs
  2 ball pythons
  10 bats
  8 hobgoblins
  19 jackals
  21 kobolds
  3 quokkas
  7 giant cockroaches
  5 giant newts
  14 goblins
  A goblin skeleton (D:5)
  2 jackal zombies
  A kobold skeleton (D:8)
  A quokka zombie (D:7)
  14 rats
  A rat skeleton (D:6)
  A rat zombie (D:6)
199 creatures vanquished.

Vanquished Creatures (others)
  A slave (D:7)
  A worm (D:2)
2 creatures vanquished.

Grand Total: 201 creatures vanquished

Notes
Turn   | Place    | Note
--------------------------------------------------------------
     0 | D:1      | KristoblXynda, the Troll Wizard, began the quest for the Orb.
     0 | D:1      | Reached XP level 1. HP: 16/16 MP: 3/3
    89 | D:1      | Reached skill level 1 in Unarmed Combat
   127 | D:1      | Reached skill level 1 in Conjurations
   177 | D:1      | Reached XP level 2. HP: 16/24 MP: 3/3
   698 | D:2      | Noticed Terence
   713 | D:2      | Killed Terence
   713 | D:2      | Reached XP level 3. HP: 14/31 MP: 5/5
  1145 | D:2      | Reached XP level 4. HP: 32/39 MP: 5/5
  1375 | D:2      | Found a radiant altar of Vehumet.
  1702 | D:3      | Found a shadowy altar of Dithmenos.
  1858 | D:3      | Found a white marble altar of Elyvilon.
  2116 | D:4      | Noticed an ogre
  2143 | D:4      | Killed an ogre
  2143 | D:4      | Reached skill level 3 in Unarmed Combat
  2143 | D:4      | Reached XP level 5. HP: 28/45 MP: 4/6
  2148 | D:4      | Learned a level 3 spell: Mephitic Cloud
  2305 | D:4      | Reached XP level 6. HP: 41/53 MP: 7/7
  2692 | D:4      | Reached skill level 4 in Unarmed Combat
  2967 | D:4      | Got a shimmering dagger
  2969 | D:4      | Identified the +8,+11 dagger "Pnatysoa" {stab, +Fly rF++} (You found it on level 4 of the Dungeon)
  2992 | D:5      | Entered Level 5 of the Dungeon
  3214 | D:5      | Reached XP level 7. HP: 28/59 MP: 8/8
  3264 | D:5      | Noticed Ijyb
  3266 | D:5      | Found a white marble altar of Elyvilon.
  3271 | D:5      | Killed Ijyb
  3271 | D:5      | Reached skill level 5 in Unarmed Combat
  3918 | D:6      | Reached skill level 1 in Short Blades
  3918 | D:6      | Reached skill level 5 in Conjurations
  4008 | D:6      | Noticed crawlian's ghost (experienced DEFE)
  4036 | D:6      | Killed crawlian's ghost
  4036 | D:6      | Reached XP level 8. HP: 67/67 MP: 8/8
  4164 | D:6      | Found an ancient bone altar of Kikubaaqudgha.
  4288 | D:6      | Reached skill level 6 in Conjurations
  4470 | D:7      | Found a sparkling altar of Nemelex Xobeh.
  4554 | D:7      | Noticed Pikel
  4598 | D:7      | Killed Pikel
  4598 | D:7      | Reached skill level 7 in Conjurations
  4598 | D:7      | Reached XP level 9. HP: 58/74 MP: 1/9
  4689 | D:7      | Found a staircase to the Ecumenical Temple.
  4697 | Temple   | Entered the Ecumenical Temple
  4831 | D:7      | Found a bloodstained altar of Trog.
  5084 | D:7      | Reached skill level 8 in Conjurations
  5167 | D:7      | Found a shattered altar of Ashenzari.
  5171 | D:7      | Became a worshipper of Ashenzari the Shackled
  5429 | D:8      | Reached skill level 5 in Short Blades
  5616 | D:8      | Reached skill level 1 in Fighting
  5815 | D:8      | Found an iron altar of Okawaru.
  6267 | D:8      | Learned a level 3 spell: Conjure Flame
  6406 | D:8      | Found a blossoming altar of Fedhas.
  6409 | D:8      | Found a basalt altar of Yredelemnul.
  6443 | D:8      | Reached XP level 10. HP: 85/85 MP: 10/10
  6605 | D:9      | Found a glowing silver altar of Zin.
  6699 | D:9      | Reached skill level 9 in Conjurations
  6725 | D:9      | Killed from afar by a gargoyle

Action                   |  1- 3 |  4- 6 |  7- 9 | 10-12 || total
-------------------------+-------+-------+-------+-------++-------
Melee: Unarmed           |   116 |   174 |       |       ||   290
       Staff             |       |     6 |     1 |       ||     7
       Dagger            |       |    33 |   357 |    54 ||   444
 Cast: Magic Dart        |       |     2 |       |       ||     2
       Mephitic Cloud    |       |       |     4 |       ||     4
       Conjure Flame     |       |       |     1 |       ||     1
Evoke: Wand              |       |     1 |     3 |       ||     4
  Use: Scroll            |     4 |     3 |     8 |     1 ||    16
       Potion            |       |       |     1 |     7 ||     8
 Stab: Sleeping          |       |       |     1 |       ||     1
       Confused          |       |       |     1 |       ||     1
